 Dungeon Crawl Stone Soup version 0.29-a0-340-g6efceafd81 (webtiles) character file.

Game seed: 11045718549582165505

1400 spaghetti the Fighter (level 8, 0/104 HPs)
             Began as an Ogre Cinder Acolyte on Apr 20, 2022.
             Was a Believer of Ignis.
             Slain by an orc warrior
             ... wielding a +0 glaive
              (8 damage)
             ... on level 8 of the Dungeon.
             The game lasted 00:06:03 (4445 turns).

spaghetti the Fighter (Ogre Cinder Acolyte)         Turns: 4445, Time: 00:06:04

Health: 0/104      AC: 10    Str: 21    XL:     8   Next: 69%
Magic:  9/9        EV:  9    Int: 15    God:    Ignis [**....]
Gold:   219        SH:  0    Dex: 10    Spells: 7/9 levels left

rFire   + . .      SeeInvis .   i - +12 hunting sling "Yxkiloeq" {vorpal, Fragile rCorr Stlth+, sling}
rCold   . . .      Faith    .   (no shield)
rNeg    . . .      Spirit   .   b - +0 robe
rPois   .          Reflect  .   e - +0 hat
rElec   .          Harm     .   c - +2 cloak
rCorr   +          Rampage  .   (gloves unavailable)
Will    .....                   (boots unavailable)
Stlth   ++........              (no amulet)
HPRegen 0.27/turn               f - +4 ring of protection
MPRegen 0.11/turn               o - +6 ring of dexterity

@: rising, flying
A: large, unfitting armour, tough skin 1
a: Renounce Religion, Fiery Armour, Foxfire Swarm


You were on level 8 of the Dungeon.
You worshipped Ignis.
Ignis was pleased with you.
You visited 1 branch of the dungeon, and saw 6 of its levels.

You collected 219 gold pieces.


Innate Abilities, Weirdness & Mutations

You are too large for most types of armour.
You have tough skin. (AC +1)


   Skills:
 + Level 13.9 Fighting
 - Level 3.0 Polearms
 - Level 1.2 Spellcasting
 - Level 2.6 Fire Magic


You had 7 spell levels left.
You knew the following spells:

 Your Spells              Type           Power      Damage    Failure   Level
a - Poisonous Vapours     Pois/Air       0%         N/A       36%         2

Your spell library contained the following spells:

 Spells                   Type           Power      Damage    Failure   Level
 Scorch                   Fire           16%        2d5       12%         2
 Corpse Rot               Necr/Air       0%         N/A       36%         2
 Gell's Gravitas          Tloc           0%         N/A       58%         3
 Lesser Beckoning         Tloc           0%         N/A       58%         3
 Teleport Other           Tloc           0%         N/A       58%         3

Inventory:

Hand Weapons
 a - a -1 spear of flaming {polearm}
 i - the +12 hunting sling "Yxkiloeq" (weapon) {vorpal, Fragile rCorr Stlth+, sling}
   (You found it on level 3 of the Dungeon)

   Any ammunition fired from it inflicts extra damage upon your enemies.
   rCorr:     It protects you from acid and corrosion.
   Fragile:   It will be destroyed if unequipped.
   Stlth:     It makes you more stealthy.
Missiles
 d - 160 stones {throwing}
 t - 2 boomerangs {throwing}
Armour
 b - a +0 robe (worn)
 c - a +2 cloak (worn)
   (You found it on level 1 of the Dungeon)
 e - a +0 hat (worn)
   (You found it on level 1 of the Dungeon)
Jewellery
 f - a +4 ring of protection (left hand)
   (You found it on level 1 of the Dungeon)
 o - a +6 ring of dexterity (right hand)
   (You found it on level 4 of the Dungeon)
 q - a ring of see invisible
   (You found it on level 2 of the Dungeon)
Wands
 n - a wand of iceblast (13)
   (You found it on level 3 of the Dungeon)
Scrolls
 g - 8 scrolls of teleportation {@r4}
 h - 3 scrolls of identify {@r1}
 j - a scroll of enchant weapon {unknown}
 k - a scroll of silence {unknown}
 l - a scroll of immolation {unknown}
 m - 2 scrolls of fog {unknown}
 p - a scroll of brand weapon {unknown}
 r - 2 scrolls of fear {unknown}
 v - a scroll of noise {unknown}

Dungeon Overview and Level Annotations

Branches:
Dungeon (8/15)             Temple (0/1) D:4            Lair (0/6) D:8

Altars:
Cheibriados
Hepliaklqana
Makhleb
Trog

#.....#.# ###.†.#.# #.#
#####.....# #.#
......#...###.#
##............#
#............#
#............#
#.....).....o#########
#..........o.oh@.....#
...........##########.#
#########..## #.†.#
#...# ##.)# #o>. ##...
.o...


You could see a warg, an orc warrior, an orc priest and an orc.


Message History

The sling bullet closely misses the warg.
The sling bullet hits the warg!
The warg bites you.
The warg bites you but does no damage. 😮 HP[-2]
You take 2 damage, and now have 69/102 hp.
Fire: i) +12 hunting sling "Yxkiloeq" {vorpal, Fragile rCorr Stlth+, sling}
Press: ? - help, Q - select action, (/) - cycle Shift-Dir - straight line, f/p - warg
Aim: a warg (67% to hit)
You shoot a sling bullet.
The sling bullet closely misses the warg.
The sling bullet barely misses the warg.
The sling bullet hits the orc warrior!
The warg bites you but does no damage.
The orc priest casts a cantrip, but nothing happens.
The warg bites you.
The orc priest miscasts a cantrip. 😮 HP[-3]
You take 3 damage, and now have 66/102 hp.
Fire: i) +12 hunting sling "Yxkiloeq" {vorpal, Fragile rCorr Stlth+, sling}
Press: ? - help, Q - select action, (/) - cycle Shift-Dir - straight line, f/p - warg
Aim: a warg (67% to hit)
You shoot a sling bullet.
The sling bullet closely misses the warg.
The sling bullet hits the warg!
You kill the warg!
The warg bites you! x2
* * * LOW HITPOINT WARNING * * *
😨 HP[-17]
You now have 104 max hp (+2).
You take 17 damage, and now have 49/104 hp.
Fire: i) +12 hunting sling "Yxkiloeq" {vorpal, Fragile rCorr Stlth+, sling}
Press: ? - help, Q - select action, (/) - cycle Shift-Dir - straight line, f/p - warg
Aim: a warg (67% to hit)
You shoot a sling bullet. The sling bullet hits the warg!
The warg bites you but does no damage.
The orc priest calls down the wrath of Beogh upon you.
Beogh smites you!
* * * LOW HITPOINT WARNING * * *
The warg bites you but does no damage. 😨 HP[-8]
You take 8 damage, and now have 41/104 hp.
You feel much better. The warg bites you.
The orc warrior hits you from afar with a +0 glaive. 😮 HP[+29]
You regained 29 hp, and now have 70/104 hp.
Fire: i) +12 hunting sling "Yxkiloeq" {vorpal, Fragile rCorr Stlth+, sling}
Press: ? - help, Q - select action, (/) - cycle Shift-Dir - straight line, f/p - warg
Aim: a warg (heavily wounded, 67% to hit)
You shoot a sling bullet.
The sling bullet closely misses the warg.
The sling bullet barely misses the orc warrior.
The sling bullet hits the orc priest!
The warg bites you.
The orc warrior hits you from afar with a +0 glaive!
* * * LOW HITPOINT WARNING * * *
The warg bites you.
* * * LOW HITPOINT WARNING * * *
😨 HP[-20]
You take 20 damage, and now have 50/104 hp.
Fire: i) +12 hunting sling "Yxkiloeq" {vorpal, Fragile rCorr Stlth+, sling}
Press: ? - help, Q - select action, (/) - cycle Shift-Dir - straight line, f/p - warg
Aim: a warg (heavily wounded, 67% to hit)
You shoot a sling bullet. The sling bullet hits the warg!
The warg bites you.
* * * LOW HITPOINT WARNING * * *
The orc warrior hits you from afar with a +0 glaive!
* * * LOW HITPOINT WARNING * * *
The warg misses you.
The orc warrior hits you from afar with a +0 glaive!
* * * LOW HITPOINT WARNING * * *
😱 HP[-27]
You take 27 damage, and now have 23/104 hp.
MASSIVE DAMAGE!! (PAUSE)
You feel much better. The warg barely misses you.
The orc warrior hits you from afar with a +0 glaive!
* * * LOW HITPOINT WARNING * * *
😨 HP[+14]
You regained 14 hp, and now have 37/104 hp.
It was a potion of curing.
You feel better. The warg misses you.
The orc warrior hits you from afar with a +0 glaive.
* * * LOW HITPOINT WARNING * * *
The orc priest mumbles some strange prayers to Beogh against you.
Beogh smites you!
* * * LOW HITPOINT WARNING * * *
😨 HP[-5]
You take 5 damage, and now have 32/104 hp.
As you read the scroll labelled URHONGYLLI, it crumbles to dust.
It is a scroll of identify.
g - 8 scrolls of teleportation The warg bites you!
* * * LOW HITPOINT WARNING * * *
The warg closely misses you.
The orc warrior hits you from afar with a +0 glaive!
* * * LOW HITPOINT WARNING * * *
😱 HP[-18]
You take 18 damage, and now have 14/104 hp.
You begin to rise into the air.
The warg bites you.
* * * LOW HITPOINT WARNING * * *
The orc warrior hits you from afar with a +0 glaive!
You die...

Skill      XL: |  1  2  3  4  5  6  7  8 |
---------------+-------------------------+-----
Fighting       | 5 6 7 8 10 12 13 | 13.9
Polearms       | |  3.0
Spellcasting   | |  1.2
Fire Magic     | |  2.6

Action                   |  1- 3 |  4- 6 |  7- 9 || total
-------------------------+-------+-------+-------++-------
Melee: Spear             |   147 |    51 |       ||   198
 Fire: Hunting sling     |       |    67 |    78 ||   145
Invok: Foxfire Swarm     |       |     1 |     4 ||     5
       Rising Flame      |       |       |     1 ||     1
  Use: Potion            |     4 |       |     3 ||     7
       Scroll            |       |       |     1 ||     1
Armor: Robe              |    47 |    21 |    34 ||   102
       Skin              |    27 |     9 |       ||    36
Dodge: Dodged            |    50 |    26 |    27 ||   103

Levels and vault maps discovered:
D:1:      heliophobic_arrival_battle_scene, layout_loops_ring,
          minmay_pentomino_t2
D:2:      layout_basic, hellmonk_ecumenical_altar_leap_of_faith,
          minmay_fractal_squares_5
D:3:      layout_basic, mainiacjoe_overflow_concentric_impassable, uniq_jessica
D:4:      layout_basic, mainiacjoe_overflow_cross_hatched,
          minmay_temple_entry_statues, serial_curves, eino_curves_04,
          eino_curves_04, minmay_misc_feat_square
D:7:      layout_gridville, lemuel_crystal_altar,
          nicolae_hepliaklqana_hazy_memory
D:8:      layout_basic, okawaru_ov_weapons_minmay, lemuel_round_altar,
          erik_lair_orcish_takeover, serial_shops, shop

Notes
Turn   | Place    | Note
-------+----------+-------------------------------------------
     0 | D:1      | spaghetti the Ogre Cinder Acolyte began the quest for the
                  | Orb.
     0 | D:1      | Reached XP level 1. HP: 24/24 MP: 2/2
     0 | D:1      | magus.rc [v1.9.6]
   131 | D:1      | You pick up a book of Vapours and begin reading...
   131 | D:1      | You add the spells Poisonous Vapours and Corpse Rot to your
                  | library.
   417 | D:1      | Reached XP level 2. HP: 33/33 MP: 3/3
   834 | D:2      | Reached skill level 5 in Fighting
   968 | D:2      | Reached XP level 3. HP: 42/42 MP: 4/4
   971 | D:2      | Learned a level 2 spell: Poisonous Vapours
  1315 | D:2      | Reached skill level 6 in Fighting
  1424 | D:2      | Found a faded altar of an unknown god.
  1687 | D:3      | Reached XP level 4. HP: 50/53 MP: 5/5
  1701 | D:3      | Reached skill level 7 in Fighting
  1719 | D:3      | HP: 4/55 [orc priest/divine providence (12)]
  1721 | D:3      | Reached XP level 5. HP: 4/62 MP: 6/6
  2102 | D:3      | You pick up a book of Displacement and begin reading...
  2102 | D:3      | You add the spells Lesser Beckoning, Gell's Gravitas and
                  | Teleport Other to your library.
  2157 | D:3      | Identified the +12 hunting sling "Yxkiloeq" {vorpal,
                  | Fragile rCorr Stlth+}
  2282 | D:3      | Found a burning altar of Makhleb.
  2454 | D:3      | Reached skill level 8 in Fighting
  2458 | D:3      | Noticed Jessica
  2460 | D:3      | Killed Jessica
  2946 | D:4      | Found a staircase to the Ecumenical Temple.
  3133 | D:4      | Reached XP level 6. HP: 74/74 MP: 7/7
  3164 | D:4      | Found a bloodstained altar of Trog.
  3274 | D:4      | Reached skill level 9 in Fighting
  3496 | D:4      | You fall into a shaft and drop 3 floors!
  3544 | D:7      | Reached skill level 10 in Fighting
  3547 | D:7      | Reached XP level 7. HP: 80/85 MP: 8/8
  3600 | D:7      | Found a snail-covered altar of Cheibriados.
  3627 | D:7      | Noticed a steam dragon
  3640 | D:7      | Killed a steam dragon
  3641 | D:7      | Reached skill level 11 in Fighting
  4055 | D:7      | Found a hazy altar of Hepliaklqana.
  4065 | D:7      | Reached skill level 12 in Fighting
  4065 | D:7      | Reached XP level 8. HP: 88/98 MP: 9/9
  4277 | D:8      | Noticed a wyvern
  4280 | D:8      | Killed a wyvern
  4390 | D:8      | Reached skill level 13 in Fighting
  4417 | D:8      | Found a staircase to the Lair.
  4441 | D:8      | HP: 23/104 [orc warrior/+0 glaive (8)]
  4445 | D:8      | HP: 8/104 [warg (6)]
  4445 | D:8      | Slain by an orc warrior

Vanquished Creatures
  A wyvern (D:8)
  A steam dragon (D:7)
  A warg (D:8)
  A sky beast (D:7)
  2 bullfrogs
  A gnoll sergeant (D:7)
  3 howler monkeys (D:8)
  3 orc priests
  A gnoll shaman (D:7)
  Jessica (D:3)
  2 iguanas
  6 orc wizards
  9 gnolls (D:7)
  5 adders
  A shadow imp (D:7)
  A white imp (D:7)
  A worm (D:2)
  2 dart slugs
  18 orcs
  4 endoplasms
  4 giant cockroaches
  7 hobgoblins
  3 jackals (D:3)
  6 kobolds
  A quokka (D:2)
  8 ball pythons
  7 bats
  3 frilled lizards
  6 goblins
  4 rats
113 creatures vanquished.

Vanquished Creatures (others)
  51 foxfires
  10 plants (D:7)
61 creatures vanquished.

Grand Total: 174 creatures vanquished

Table legend:
 A = Non-vault XP
 B = Vault XP
 C = Vault XP percentage of total XP
 D = Non-vault monster count
 E = Vault monster count
 F = Vault count percentage of total count
                 A         B        C        D         E       F
            +---------+---------+-------+---------+---------+-------
      Total |    1707 |     294 |  14.7 |     103 |      10 |   8.8
            +---------+---------+-------+---------+---------+-------
        D:1 |      15 |       0 |   0.0 |      11 |       0 |   0.0
        D:2 |      44 |      11 |  20.0 |      16 |       5 |  23.8
        D:3 |     189 |      37 |  16.4 |      25 |       1 |   3.8
        D:4 |     124 |       0 |   0.0 |      18 |       0 |   0.0
        D:7 |     799 |       0 |   0.0 |      23 |       0 |   0.0
        D:8 |     536 |     246 |  31.5 |      10 |       4 |  28.6
            +---------+---------+-------+---------+---------+-------

Illustrated notes

Table legend:
 A = Kills in this place as a percentage of kills in entire the game.
 B = Kills by you in this place as a percentage of kills by you in the entire game.
 C = Kills by friends in this place as a percentage of kills by friends in the entire game.
 D = Other kills in this place as a percentage of other kills in the entire game.
 E = Experience gained in this place as a percentage of experience gained in the entire game.
 F = Experience gained in this place divided by the number of levels of this place that you have seen.
                   A       B       C       D       E      F
               +-------+-------+-------+-------+-------+----------------------
         Total | 100.0 | 100.0 |   N/A |   N/A | 100.0 | 333.5
       Dungeon | 100.0 | 100.0 |   N/A |   N/A | 100.0 | 333.5
               +-------+-------+-------+-------+-------+----------------------

Table legend: (Time is in decaauts)
 A = Elapsed time spent in this place.
 B = Non-inter-level travel time spent in this place.
 C = Inter-level travel time spent in this place.
 D = Time resting spent in this place.
 E = Time spent auto-exploring this place.
 F = Levels seen in this place.
 G = Mean time per level.
                   A        B        C        D        E       F      G
               +--------+--------+--------+--------+--------+-----+--------+
         Total |   4504 |   4422 |     82 |    570 |   3158 |   6 |  750.7 |
       Dungeon |   4504 |   4422 |     82 |    570 |   3158 |   6 |  750.7 |
               +--------+--------+--------+--------+--------+-----+--------+

Top non-repeatable levels by time:
     D:3: 1335 daAuts
     D:2: 848 daAuts
     D:7: 790 daAuts
     D:1: 753 daAuts
     D:4: 571 daAuts
     D:8: 205 daAuts
